 Dungeon Crawl Stone Soup version 0.21.1-1-g345015f (webtiles) character file.

152 wotfoxis the Caller (level 5, 0/28 HPs)
             Began as a Deep Elf Summoner on Feb 17, 2018.
             Killed by divine providence
             ... invoked by an orc priest
              (11 damage)
             ... on level 3 of the Dungeon.
             The game lasted 00:25:30 (2691 turns).

wotfoxis the Caller (Deep Elf Summoner)             Turns: 2691, Time: 00:25:31

Health: 0/28       AC:  5    Str:  5    XL:     5   Next: 11%
Magic:  2/14       EV: 13    Int: 20    God:
Gold:   135        SH:  0    Dex: 16    Spells: 6/13 levels left

rFire    . . .     SeeInvis .   d - +0 dagger
rCold    . . .     Gourm    .   (no shield)
rNeg     . . .     Faith    .   a - +0 robe
rPois    .         Spirit   .   p - +0 helmet
rElec    .         Reflect  .   (no cloak)
rCorr    .         Harm     .   q - +0 pair of gloves
MR       .....                  e - +0 pair of boots
Stlth    ++........             (no amulet)
HPRegen  0.09/turn              (no ring)
MPRegen  0.14/turn              (no ring)

@: no status effects
A: no striking features
a: no special abilities


You were on level 3 of the Dungeon.
You were full.

You visited 1 branch of the dungeon, and saw 3 of its levels.

You collected 135 gold pieces.

Inventory:

Hand Weapons
 d - a +0 dagger (weapon)
Missiles
 r - 12 arrows
Armour
 a - a +0 robe (worn)
 e - a +0 pair of boots (worn)
 p - a +0 helmet (worn)
 q - a +0 pair of gloves (worn)
Jewellery
 u - an uncursed ring of poison resistance {unknown}
Scrolls
 g - 2 scrolls of teleportation {unknown}
 i - a scroll of random uselessness {unknown}
 k - a scroll of remove curse {unknown}
 n - a scroll of identify {unknown}
 o - a scroll of enchant armour {unknown}
 s - a scroll of blinking {unknown}
Potions
 f - a potion of flight {unknown}
 h - a potion of agility {unknown}
 j - a potion of haste {unknown}
 l - a potion of mutation {unknown}
 m - a potion of brilliance {unknown}
Books
 b - a book of Callings

   Spells                             Type                      Level
   a - Summon Small Mammal            Summoning                    1
   b - Call Imp                       Summoning                    2
   c - Call Canine Familiar           Summoning                    3
   d - Summon Guardian Golem          Hexes/Summoning              3
   e - Summon Lightning Spire         Summoning/Air                4
   f - Summon Ice Beast               Ice/Summoning                4
Comestibles
 c - 9 rations
 t - a chunk of flesh


   Skills:
 - Level 0.1 Fighting
 + Level 2.7 Dodging
 + Level 2.7 Stealth
 + Level 4.8 Spellcasting
 + Level 1.0 Hexes
 + Level 5.9 Summonings


You had 6 spell levels left.
You knew the following spells:

 Your Spells              Type           Power        Failure   Level  Hunger
a - Summon Small Mammal   Summ           ####         1%          1    None
b - Summon Guardian Gole  Hex/Summ       ###.....     9%          3    ##.....
c - Call Canine Familiar  Summ           ####....     3%          3    ##.....


Dungeon Overview and Level Annotations

Branches:
Dungeon (3/15)

Altars:
Cheibriados
Kikubaaqudgha
Uskayaw
Yredelemnul


Message History

The orc priest hits your quokka with a mace.
Your quokka dies!
Your quokka's corpse disappears in a puff of smoke!
The orc priest shouts!
Something hits your guardian golem but does no damage.
You start resting.
Your bat barely misses something.
Casting: Summon Small Mammal
Confirm with . or Enter, or press ? or * to list all spells.
Your bat barely misses something.
The orc priest shouts!
Your bat barely misses something.
A puff of frost appears from out of thin air!
The puff of frost hits your guardian golem.
Your guardian golem resists.
Your bat hits something but does no damage.
Something hits your bat.
Your bat barely misses something.
Your bat hits something.
The orc priest calls down the wrath of Beogh upon you.
Beogh smites you!
You die...

###..#####.. ..... #.
#...#### .... #.
#8.....# .# ... #.
#r####.# .# .. #.
####.# #.# .# # #.
..#o# #.# .# #. #.#.#
#.###.# #.
#.#.####...#.# #.
#....##...@..# #.
#.b#.....b8r.# #.
.#.##....##...r..##..#
##
........####)........#
#######....o...†.###.#
### ######.##### #..
#...##.# ##.#
###...##.# #...
#........# #.# ##.#


You could see an orc priest, a friendly guardian golem, 2 friendly quokkas and a
friendly bat.

Vanquished Creatures
  2 bats
  2 giant cockroaches
  A goblin (D:1)
  2 jackals
  2 kobolds
  A quokka (D:1)
  2 frilled lizards
  2 rats
14 creatures vanquished.

Vanquished Creatures (collateral kills)
  An ogre (D:3)
  3 gnolls (D:3)
  5 adders
  2 oozes
  2 worms (D:2)
  A dart slug (D:1)
  2 leopard geckos
  4 orcs (D:3)
  A ball python (D:2)
  9 bats
  2 giant cockroaches
  5 goblins
  6 hobgoblins
  8 jackals
  A quokka (D:2)
  A frilled lizard (D:3)
  11 kobolds
  5 rats
69 creatures vanquished.

Grand Total: 83 creatures vanquished

Notes
Turn   | Place    | Note
-------+----------+-------------------------------------------
     0 | D:1      | wotfoxis the Deep Elf Summoner began the quest for the Orb.
     0 | D:1      | Reached XP level 1. HP: 10/10 MP: 6/6
   373 | D:1      | Reached XP level 2. HP: 15/15 MP: 6/8
   445 | D:1      | Reached skill level 5 in Summonings
  1004 | D:2      | Reached XP level 3. HP: 19/19 MP: 5/10
  1105 | D:2      | Learned a level 3 spell: Summon Guardian Golem
  1224 | D:2      | Found a snail-covered altar of Cheibriados.
  1381 | D:2      | Found a basalt altar of Yredelemnul.
  1388 | D:2      | Found a hide-covered altar of Uskayaw.
  1395 | D:2      | Found an ancient bone altar of Kikubaaqudgha.
  2147 | D:3      | Noticed an ogre
  2210 | D:3      | Reached XP level 4. HP: 16/24 MP: 1/12
  2227 | D:3      | Killed an ogre
  2561 | D:3      | Reached XP level 5. HP: 28/28 MP: 2/14
  2616 | D:3      | Reached skill level 1 in Hexes
  2630 | D:3      | Learned a level 3 spell: Call Canine Familiar
  2691 | D:3      | Killed from afar by an orc priest

Skill      XL: |  1  2  3  4  5 |
---------------+----------------+-----
Summonings     | 5 |  5.9
Spellcasting   | 4 |  4.8
Hexes          | 1 |  1.0
Fighting       | |  0.1
Dodging        | |  2.7
Stealth        | |  2.7

Action                   |  1- 3 |  4- 6 || total
-------------------------+-------+-------++-------
Melee: Dagger            |    31 |    11 ||    42
 Cast: Summon Small Mamm |   105 |    30 ||   135
       Summon Guardian G |     5 |     4 ||     9
 Stab: Sleeping          |     5 |     1 ||     6
       Distracted        |     1 |       ||     1
  Eat: Ration            |     2 |     1 ||     3
Armor: Robe              |    30 |     5 ||    35
Dodge: Dodged            |    75 |     8 ||    83
